 Dungeon Crawl Stone Soup version 0.19.5 (webtiles) character file.

149 Kahsius the Chopper (level 5, -2/46 HPs)
             Began as a Minotaur Berserker on Mar 6, 2017.
             Was a Believer of Trog.
             Killed by divine providence
             ... invoked by an orc priest
              (12 damage)
             ... on level 3 of the Dungeon.
             The game lasted 00:07:32 (1797 turns).

Kahsius the Chopper (Minotaur Berserker)            Turns: 1797, Time: 00:07:34

Health: -2/46      AC:  8    Str: 22    XL:     5   Next: 9%
Magic:  4/4        EV: 11    Int:  4    God:    Trog [**....]
Gold:   138        SH:  0    Dex: 10    Spells: 0 memorised, 4 levels left

rFire  . . .     SeeInvis .     a - +2 hand axe
rCold  . . .     Gourm    .     l - +2 ring mail
rNeg   . . .     Faith    .     (no shield)
rPois  .         Spirit   .     (helmet restricted)
rElec  .         Reflect  .     n - +0 cloak
rCorr  .         Harm     .     (no gloves)
MR     ++...                    (no boots)
Stlth  ..........               (no amulet)
                                (no ring)
                                (no ring)

@: regenerating
A: retaliatory headbutt, horns 2
a: Berserk, Trog's Hand, Burn Spellbooks, Renounce Religion


You were on level 3 of the Dungeon.
You worshipped Trog.
Trog was pleased with you.
You were not hungry.

You visited 1 branch of the dungeon, and saw 3 of its levels.

You collected 138 gold pieces.

Inventory:

Hand Weapons
 a - a +2 hand axe (weapon)
Armour
 l - a +2 ring mail (worn)
 n - a +0 cloak (worn)
Jewellery
 i - a +4 amulet of reflection {unknown}
Scrolls
 f - a scroll of teleportation
 g - a scroll of noise
Potions
 d - 2 potions of cancellation {unknown}
 e - a potion of curing {unknown}
 k - 3 potions of flight {unknown}
Comestibles
 c - 3 bread rations
 h - 3 meat rations


   Skills:
 - Level 3.7 Fighting
 + Level 7.0 Axes
 - Level 2.4 Armour
 - Level 2.1 Dodging


You had 4 spell levels left.
You didn't know any spells.

Dungeon Overview and Level Annotations

Branches:
Dungeon (3/15)

Altars:
Ru


Innate Abilities, Weirdness & Mutations

You reflexively headbutt those who attack you in melee.
You have a pair of horns on your head.


Message History

The orc is heavily wounded.
You closely miss the orc. Your headbutt misses the orc.
The orc is heavily wounded.
The orc priest mumbles some strange prayers to Beogh against you.
Beogh smites you!
* * * LOW HITPOINT WARNING * * *
The orc hits you but does no damage.
The orc priest looks satisfied for a moment.
You see here a flail.
The orc closely misses you. You furiously retaliate!
You headbutt the orc.
You kill the orc!
Trog accepts your kill.
Your Axes skill increases to level 7!
You hit the orc priest.
The orc priest is moderately wounded.
The orc wizard mumbles some strange words.
The orc wizard blinks!
The orc priest invokes the aid of Beogh against you.
Beogh smites you!
You die...

##.##
*,,,,,***#.#..#..........
#.# *,,,,,*
#........####... ##.#
******* ###......# #...
#..# ##.##### #...
#o########## ######.#
###... #.##.......#
#......# #.....
#.##.......# #.######
#..... #.##..###..# #.#
***#.....
#.......#..####@#
*........
####..#......§o)#
*........ #..###..######
*...(.... #.......#
*#.#..[.. ##.....##
*******#,#....# #######
*,,,,,,*,#.....
*,****,*,####.#
*,****,*,* *,*
*,*,,,,,,****,*


You could see an orc priest.

Vanquished Creatures
  A gnoll (D:3)
  3 adders (D:3)
  4 oozes
  4 worms
  A leopard gecko (D:1)
  6 orcs (D:3)
  6 bats
  19 giant cockroaches
  7 goblins
  3 hobgoblins
  2 jackals (D:3)
  A ball python (D:1)
  4 frilled lizards
  7 kobolds
  6 rats
74 creatures vanquished.

Notes
Turn   | Place    | Note
-------+----------+-------------------------------------------
     0 | D:1      | Kahsius the Minotaur Berserker began the quest for the Orb.
     0 | D:1      | Reached XP level 1. HP: 19/19 MP: 0/0
    17 | D:1      | Reached skill level 4 in Axes
    65 | D:1      | Reached XP level 2. HP: 19/27 MP: 1/1
   684 | D:2      | Reached skill level 5 in Axes
   684 | D:2      | Reached XP level 3. HP: 33/33 MP: 2/2
   754 | D:2      | Found a sacrificial altar of Ru.
   804 | D:2      | Reached ** piety under Trog
  1035 | D:2      | Reached XP level 4. HP: 34/40 MP: 3/3
  1120 | D:3      | Reached skill level 6 in Axes
  1688 | D:3      | Reached *** piety under Trog
  1755 | D:3      | Reached XP level 5. HP: 36/46 MP: 4/4
  1796 | D:3      | Reached skill level 7 in Axes
  1797 | D:3      | Killed from afar by an orc priest

Skill      XL: |  1  2  3  4  5 |
---------------+----------------+-----
Axes           | 4 5 6 7 |  7.0
Fighting       | |  3.7
Armour         | |  2.4
Dodging        | |  2.1

Action                   |  1- 3 |  4- 6 || total
-------------------------+-------+-------++-------
Melee: Hand axe          |    75 |    77 ||   152
       Headbutt          |     7 |    12 ||    19
Invok: Trog's Hand       |       |     1 ||     1
  Use: Scroll            |       |    11 ||    11
 Stab: Sleeping          |     1 |       ||     1
  Eat: Chunk             |       |     3 ||     3
Armor: Animal skin       |    18 |     6 ||    24
       Ring mail         |       |    13 ||    13
Dodge: Dodged            |    43 |    34 ||    77
